[Event "Titled Tuesday Blitz January 31 Early 2023"]
[White "Avila Pavas, Santiago"]
[Black "Mosadeghpour, Masoud"]
[WhiteFideId "4437128"]
[BlackFideId "12519278"]
[WhiteElo "2522"]
[BlackElo "2472"]
[Result "0-1"]
[Round "09"]
[TimeControl "180+2"]
[Date "2023.01.31"]
[WhiteClock "0:00:06"]
[BlackClock "0:00:03"]

1. d4 Nf6 2. Nf3 e6 3. Bf4 b6 4. e3 Bb7 5. Nbd2 Bd6 6. Bg3 Nc6 7. Bd3 O-O 8. c3 Qe7 9. e4 e5 10. d5 Nb8 11. Qe2 c6 12. Nc4 Re8 13. Nfxe5 cxd5 14. Nxd6 Qxd6 15. Ng4 Qe6 16. Nxf6+ Qxf6 17. e5 Qh6 18. O-O d6 19. f4 Nd7 20. Rae1 Nc5 21. Bb1 Ne4 22. Qg4 dxe5 23. fxe5 Re6 24. Qf5 Qg6 25. Qxg6 Rxg6 26. Bf4 Re8 27. Rd1 Bc6 28. Rd4 f6 29. exf6 Rxf6 30. Bxe4 dxe4 31. Be3 Rxf1+ 32. Kxf1 Kf7 33. Rd6 Bb5+ 34. Kf2 Re5 35. Bf4 Rf5 36. Ke3 Ke7 37. Rd4 Bd3 38. g4 Rf7 39. c4 Ke6 40. b3 g5 41. Bxg5 Rf3+ 42. Kd2 Rf2+ 43. Ke3 Rf3+ 44. Kd2 Rf2+ 45. Ke3 Rxh2 46. Rd8 Rxa2 47. Kd4 Rg2 48. Re8+ Kd6 49. Bf4+ Kd7 50. Ra8 Rxg4 51. Rxa7+ Kc8 52. Be3 Rh4 53. Kc3 Rh3 54. Bxb6 Be2+ 55. Kc2 Bd3+ 56. Kc3 Be2+ 57. Kc2 h5 58. Rc7+ Kb8 59. Re7 Bd3+ 60. Kd2 h4 61. c5 Rh2+ 62. Kc3 Rc2+ 63. Kd4 h3 64. Rh7 Bf1 65. b4 Rc4+ 66. Kd5 Rxb4 67. Ba5 Ra4 68. Bb6 Rb4 69. Ba5 Rb3 70. Bb6 e3 71. Bc7+ Kc8 72. Bg3 e2 73. Be1 Bg2+ 74. Kd6 Rd3+ 75. Ke5 Rd5+ 76. Ke6 Rxc5 77. Bf2 Rc7 78. Rh8+ Kb7 79. Bg3 Rc6+ 80. Ke5 Rc3 81. Bf2 Rf3 82. Bh4 e1=Q+ 83. Bxe1 Re3+ 84. Kf4 Rxe1 85. Kg3 Kc6 86. Kh2 Kd5 87. Rf8 Re2 88. Rd8+ Kc6 89. Kg1 Bd5 90. Rh8 Be6 91. Rh6 Kd7 92. Kh1 Bd5+ 93. Kg1 Be6 94. Kh1 Rd2 95. Kg1 Ke7 96. Kh1 Kf7 97. Kg1 Bf5 98. Kh1 Kg7 99. Rh4 Kg6 100. Rf4 Kg5 101. Rc4 Bg4 102. Rc3 Kh4 103. Kg1 Rg2+ 104. Kh1 Rg3 105. Rc2 Bf3+ 106. Kh2 Rg2+ 107. Rxg2 hxg2 108. Kg1 Kg4 109. Kf2 Bd5 110. Kg1 Kf4 0-1


[Site "https://www.chess.com"]

[Event "Titled Tuesday Blitz January 31 Early 2023"]
[White "Postny, Evgeny"]
[Black "Bruzon Batista, Lazaro"]
[WhiteFideId "2804344"]
[BlackFideId "3503739"]
[WhiteElo "2549"]
[BlackElo "2611"]
[Result "1-0"]
[Round "09"]
[TimeControl "180+2"]
[Date "2023.01.31"]
[WhiteClock "0:00:11"]
[BlackClock "0:00:07"]

1. Nf3 Nf6 2. c4 e6 3. g3 d5 4. Bg2 dxc4 5. Qa4+ c6 6. Qxc4 b5 7. Qc2 Bb7 8. O-O Nbd7 9. a4 Rc8 10. d3 Be7 11. Nc3 a6 12. Bf4 O-O 13. Ne5 Nd5 14. Nxd5 cxd5 15. Qb3 Nc5 16. Qa2 Nxa4 17. Rfc1 Nc5 18. d4 Ne4 19. Nd3 Qb6 20. Be3 b4 21. Ne5 Qb5 22. Bxe4 dxe4 23. Rxc8 Rxc8 24. b3 h5 25. h4 f6 26. Ng6 Bd6 27. Bf4 Bxf4 28. Nxf4 e5 29. dxe5 fxe5 30. Nh3 e3 31. f3 Rd8 32. Re1 Rd2 33. Qb1 Rxe2 34. Rxe2 Qxe2 35. Qg6 Qd1+ 36. Kh2 Qxf3 37. Qe8+ Qf8 38. Qxe5 Qf7 39. Qb8+ Qf8 40. Qxb7 Qe7 41. Qxe7 1-0


[Site "https://www.chess.com"]

[Event "Titled Tuesday Blitz January 31 Early 2023"]
[White "Corrales Jimenez, Fidel"]
[Black "Grandelius, Nils"]
[WhiteFideId "3506690"]
[BlackFideId "1710400"]
[WhiteElo "2489"]
[BlackElo "2664"]
[Result "0-1"]
[Round "09"]
[TimeControl "180+2"]
[Date "2023.01.31"]
[WhiteClock "0:00:01"]
[BlackClock "0:00:06"]

1. e4 c6 2. d4 d5 3. e5 c5 4. dxc5 e6 5. Nf3 Bxc5 6. a3 a6 7. Bd3 Ne7 8. O-O Ng6 9. b4 Ba7 10. c4 O-O 11. cxd5 exd5 12. h3 Nc6 13. Bb2 Re8 14. Bxg6 hxg6 15. Re1 Bf5 16. Nbd2 Qb6 17. Qe2 d4 18. g4 d3 19. Qf1 Be6 20. Re3 Rad8 21. Ne1 Qb5 22. Re4 Bd5 23. a4 Qb6 24. Rf4 Nxb4 25. Bd4 Qxd4 26. Rxd4 Bxd4 27. Rb1 Bc3 28. Nef3 a5 29. Rc1 Bxe5 30. Nxe5 Rxe5 31. Qd1 Re2 32. Nf1 Bf3 33. Qb3 Bd5 34. Qc3 Bc6 35. Rd1 Bxa4 36. Rd2 Bc6 37. Qc5 Rd5 38. Qa7 Rde5 39. Qb8+ Kh7 40. Qd8 g5 41. Qd4 f6 42. Rxd3 Nxd3 43. Qxd3+ Kg8 44. Qd8+ Re8 45. Qd3 Re1 46. Qb3+ Kh8 47. Qc4 a4 48. h4 gxh4 49. g5 fxg5 50. Qc5 R1e5 51. Qc3 Re1 52. Qc5 R8e5 53. Qf8+ Kh7 54. Qf7 Bb5 55. Kg2 Bxf1+ 56. Kf3 Be2+ 57. Kg2 Bg4 58. Qc4 R1e4 59. Qc2 Bf5 60. Qc3 Bg6 61. Kh2 Re6 62. Qf3 b5 63. Qc3 Kh6 64. Qc8 Kh7 65. Qc1 b4 66. f3 Re2+ 67. Kh3 Bf5# 0-1


[Site "https://www.chess.com"]

[Event "Titled Tuesday Blitz January 31 Early 2023"]
[White "Sattarov, Bobir"]
[Black "Oparin, Grigoriy"]
[WhiteFideId "14203081"]
[BlackFideId "24125890"]
[WhiteElo "2366"]
[BlackElo "2667"]
[Result "0-1"]
[Round "09"]
[TimeControl "180+2"]
[Date "2023.01.31"]
[WhiteClock "0:00:05"]
[BlackClock "0:00:07"]

1. e4 e5 2. Nf3 Nc6 3. Nc3 Nf6 4. a3 d5 5. Bb5 Nxe4 6. Nxe5 Qd6 7. d4 Nxc3 8. bxc3 Bd7 9. Bxc6 bxc6 10. O-O Be6 11. a4 c5 12. Ba3 Qa6 13. Re1 Bd6 14. Nd3 cxd4 15. Bxd6 Qxd6 16. cxd4 O-O 17. Nc5 Bf5 18. a5 Rfe8 19. Qd2 h6 20. c3 Bg6 21. Rxe8+ Rxe8 22. Re1 Rb8 23. h3 Kh7 24. a6 Qf6 25. Qe3 Rb2 26. Re2 Rb1+ 27. Kh2 Qd6+ 28. Qg3 Rc1 29. Re3 Rc2 30. f3 Ra2 31. Qe5 h5 32. f4 f6 33. Qxd6 cxd6 34. Nd7 Be4 35. Rg3 Rxa6 36. Nf8+ Kg8 37. Ne6 g6 38. f5 Bxf5 39. Nf4 Kf7 40. Nxd5 Ra2 41. Nb4 Rb2 42. d5 a5 43. Nc6 a4 44. Re3 a3 45. Re7+ Kf8 46. Ra7 a2 47. Kg3 Be4 48. Ne7 g5 49. h4 Rxg2+ 50. Kh3 g4# 0-1


[Site "https://www.chess.com"]

[Event "Titled Tuesday Blitz January 31 Early 2023"]
[White "Baskakov, Egor"]
[Black "Nazari, Arad"]
[WhiteFideId "24197866"]
[BlackFideId "12577324"]
[WhiteElo "2215"]
[BlackElo "2367"]
[Result "1-0"]
[Round "09"]
[TimeControl "180+2"]
[Date "2023.01.31"]
[WhiteClock "0:02:32"]
[BlackClock "0:00:32"]

1. e4 c5 2. Nf3 d6 3. d4 cxd4 4. Nxd4 Nf6 5. Nc3 a6 6. a4 g6 7. g3 Bg7 8. Bg2 O-O 9. h3 Nc6 10. Nde2 Bd7 11. Nd5 Rc8 12. Be3 Nxd5 13. exd5 Ne5 14. Ra2 Nc4 15. Bd4 Qa5+ 16. c3 Bxd4 17. Qxd4 b5 18. b3 b4 19. O-O Ne5 20. cxb4 Qc7 21. f4 1-0


[Site "https://www.chess.com"]

[Event "Titled Tuesday Blitz January 31 Early 2023"]
[White "Ozen, Bahadir"]
[Black "Agasarov, Benik"]
[WhiteFideId "6337058"]
[BlackFideId "13314823"]
[WhiteElo "2369"]
[BlackElo "2235"]
[Result "1-0"]
[Round "09"]
[TimeControl "180+2"]
[Date "2023.01.31"]
[WhiteClock "0:00:06"]
[BlackClock "0:00:02"]

1. g3 d5 2. Nf3 Nf6 3. Bg2 e6 4. O-O Be7 5. b3 O-O 6. Bb2 c5 7. e3 Nc6 8. d3 Qc7 9. Nbd2 e5 10. e4 d4 11. Nh4 Re8 12. Nf5 Bf8 13. Bc1 g6 14. Nh4 Bg7 15. h3 Qe7 16. a3 Bd7 17. Qe1 Nh5 18. f4 exf4 19. gxf4 f5 20. e5 Be6 21. Nc4 Qd7 22. Nd6 Re7 23. b4 cxb4 24. axb4 Bf8 25. b5 Nd8 26. Kh2 Ng7 27. Bb2 Ne8 28. Ba3 Rg7 29. Nxe8 Qxe8 30. Nf3 Bxa3 31. Rxa3 Rd7 32. Qb4 Qf8 33. Qxf8+ Kxf8 34. Ra4 Rc8 35. Nxd4 Ke7 36. Rb1 Bd5 37. Bf1 Ne6 38. Nxe6 Bxe6 39. c4 b6 40. Rba1 Rcc7 41. Kg3 Kd8 42. h4 h6 43. Kf3 Rg7 44. Ke3 Kc8 45. Bg2 g5 46. hxg5 hxg5 47. fxg5 Rxg5 48. Bf3 Kb8 49. Rh1 Re7 50. Rh8+ Bc8 51. d4 Rg1 52. Ra2 Rc1 53. Bd5 Rc3+ 54. Kf4 Rd3 55. Kg5 Rxd4 56. Kf6 Rc7 57. e6 Rd2 58. Rxd2 1-0


[Site "https://www.chess.com"]

[Event "Titled Tuesday Blitz January 31 Early 2023"]
[White "Urazayev, Arystanbek"]
[Black "Samant Aditya S"]
[WhiteFideId "13709810"]
[BlackFideId "35080580"]
[WhiteElo "2460"]
[BlackElo "2501"]
[Result "1-0"]
[Round "09"]
[TimeControl "180+2"]
[Date "2023.01.31"]
[WhiteClock "0:01:08"]
[BlackClock "0:00:02"]

1. d4 Nf6 2. c4 e6 3. Nc3 Bb4 4. Nf3 b6 5. e3 Bb7 6. Bd3 O-O 7. O-O c5 8. Re1 cxd4 9. exd4 Re8 10. Bg5 h6 11. Bh4 Be7 12. d5 exd5 13. cxd5 Nxd5 14. Nxd5 Bxd5 15. Rxe7 Rxe7 16. Ba6 Nxa6 17. Qxd5 Rc8 18. Bxe7 Qxe7 19. Qb7 Rc2 20. Qxa6 Rxb2 21. Qxa7 Qc5 22. Qa8+ Kh7 23. Qe4+ f5 24. Qe3 Qb5 25. h4 Qb4 26. a3 Rb1+ 27. Rxb1 Qxb1+ 28. Kh2 Qa1 29. h5 Qb2 30. Nd4 Qb1 31. Qe5 Qd3 32. Qxf5+ 1-0


[Site "https://www.chess.com"]

[Event "Titled Tuesday Blitz January 31 Early 2023"]
[White "Csonka, Balazs"]
[Black "Pakleza, Zbigniew"]
[WhiteFideId "742910"]
[BlackFideId "1119290"]
[WhiteElo "2496"]
[BlackElo "2494"]
[Result "0-1"]
[Round "09"]
[TimeControl "180+2"]
[Date "2023.01.31"]
[WhiteClock "0:00:02"]
[BlackClock "0:00:10"]

1. c4 c6 2. d4 d5 3. Nc3 Nf6 4. cxd5 cxd5 5. Bf4 Nc6 6. Nf3 Qb6 7. Na4 Qa5+ 8. Bd2 Qc7 9. Rc1 e6 10. e3 Bd6 11. Bd3 O-O 12. O-O Ne4 13. b4 Qe7 14. b5 Nb8 15. Qc2 Bd7 16. Ne5 f5 17. Bxe4 fxe4 18. Qb3 Be8 19. Nc5 b6 20. Na6 Nd7 21. Nxd7 Bxd7 22. a4 Rf5 23. Bb4 Bxh2+ 24. Kxh2 Qh4+ 25. Kg1 Rh5 26. f4 exf3 27. Rxf3 Qh1+ 28. Kf2 Qxc1 29. Ba3 Qd2+ 30. Kg1 Qe1+ 31. Rf1 Rh1+ 32. Kxh1 Qxf1+ 33. Kh2 Qc4 34. Qb2 Rc8 35. Qf2 Qxa4 36. Bd6 Qxb5 37. Qg3 Be8 38. Be5 Bg6 39. Nc7 Qd7 40. Qf4 Qf7 41. Qg3 a5 42. Bd6 Qd7 43. Qe5 Bf7 44. Qg3 a4 45. Qe5 a3 0-1


[Site "https://www.chess.com"]

[Event "Titled Tuesday Blitz January 31 Early 2023"]
[White "Kilic, Eray"]
[Black "Zhu, Jiner"]
[WhiteFideId "44517173"]
[BlackFideId "8608059"]
[WhiteElo "2414"]
[BlackElo "2507"]
[Result "0-1"]
[Round "09"]
[TimeControl "180+2"]
[Date "2023.01.31"]
[WhiteClock "0:00:04"]
[BlackClock "0:00:09"]

1. e4 c5 2. Nf3 e6 3. d4 cxd4 4. Nxd4 Nf6 5. Nc3 Nc6 6. Ndb5 d6 7. Bf4 e5 8. Bg5 a6 9. Na3 b5 10. Nd5 Be7 11. Bxf6 Bxf6 12. c3 Rb8 13. Nc2 Bg5 14. Be2 O-O 15. O-O Be6 16. a4 bxa4 17. Rxa4 Rxb2 18. Rxa6 Ne7 19. Nxe7+ Qxe7 20. Nb4 Rd2 21. Qe1 Qb7 22. f4 Bxf4 23. Rxf4 Rxe2 24. Qxe2 exf4 25. Rxd6 Qc7 26. Rc6 Qe5 27. Nd3 Qb5 28. Rc5 Qb6 29. Qf2 Rd8 30. Ne1 h6 31. h3 Qb1 32. Kf1 Rd1 33. Qe2 Qc1 34. Ra5 Rd2 35. Ra8+ Kh7 36. Qb5 Qxc3 37. Ra4 Qe3 38. Qb4 Qf2# 0-1


[Site "https://www.chess.com"]

[Event "Titled Tuesday Blitz January 31 Early 2023"]
[White "Harsh Suresh"]
[Black "Bosnjak, Petar"]
[WhiteFideId "45018464"]
[BlackFideId "14532581"]
[WhiteElo "2298"]
[BlackElo "2337"]
[Result "0-1"]
[Round "09"]
[TimeControl "180+2"]
[Date "2023.01.31"]
[WhiteClock "0:00:03"]
[BlackClock "0:01:33"]

1. e4 c6 2. d3 d5 3. Nd2 e5 4. Ngf3 Bd6 5. d4 exd4 6. exd5 Nf6 7. dxc6 Nxc6 8. Bb5 O-O 9. O-O Re8 10. h3 a6 11. Bxc6 bxc6 12. Nxd4 Bc7 13. N4f3 Bf5 14. b3 Nd5 15. Bb2 Qd7 16. Nc4 Bxh3 17. Qd4 f6 18. Rfe1 Bxg2 19. Nh2 Qh3 20. f4 Nxf4 21. Nd6 Rxe1+ 22. Rxe1 Qg3 23. Qxf4 Qxf4 0-1


[Site "https://www.chess.com"]

[Event "Titled Tuesday Blitz January 31 Early 2023"]
[White "Tactrics"]
[Black "Sarana, Alexey"]
[BlackFideId "24133795"]
[WhiteElo "2800"]
[BlackElo "2685"]
[Result "0-1"]
[Round "09"]
[TimeControl "180+2"]
[Date "2023.01.31"]
[WhiteClock "0:00:06"]
[BlackClock "0:00:53"]

1. e4 c5 2. Nf3 d6 3. Bb5+ Bd7 4. Bxd7+ Nxd7 5. d4 cxd4 6. Qxd4 Rc8 7. c4 b5 8. Nbd2 e5 9. Qd3 Nc5 10. Qe2 b4 11. Nb3 Ne6 12. O-O Nf6 13. Bg5 Nxg5 14. Nxg5 Be7 15. Rfd1 Qb6 16. Nf3 O-O 17. Nbd2 Nd7 18. Nf1 Nc5 19. Ne3 Qb7 20. Nd5 Bd8 21. Ne1 Ne6 22. b3 a5 23. Nc2 Bb6 24. Nxb6 Qxb6 25. Ne3 g6 26. Nd5 Qa7 27. Qe3 Rc5 28. Nf6+ Kg7 29. Ng4 Qe7 30. Rxd6 h5 31. Qh6+ Kg8 32. Rd7 Qh4 33. Ne3 Qxe4 34. Nd5 Rxd5 35. cxd5 Nf4 36. Qg5 f6 37. Qh6 Qxg2# 0-1


[Site "https://www.chess.com"]

[Event "Titled Tuesday Blitz January 31 Early 2023"]
[White "Md, Imran"]
[Black "Makhnev, Denis"]
[WhiteFideId "25748580"]
[BlackFideId "13707647"]
[WhiteElo "2284"]
[BlackElo "2483"]
[Result "0-1"]
[Round "09"]
[TimeControl "180+2"]
[Date "2023.01.31"]
[WhiteClock "0:00:07"]
[BlackClock "0:00:09"]

1. d4 Nf6 2. c4 e6 3. Nf3 b6 4. a3 Ba6 5. e3 c5 6. Nc3 cxd4 7. Nxd4 Bb7 8. Nf3 Be7 9. Be2 d6 10. O-O Nbd7 11. b4 O-O 12. Bb2 a6 13. Nd2 Rc8 14. Qb3 Rc7 15. Rac1 Qa8 16. f3 Rfc8 17. e4 g5 18. Rfd1 Ne5 19. Na4 Nfd7 20. Qe3 Rc6 21. g3 Ng6 22. Bd4 b5 23. Nb2 Bd8 24. Nb3 e5 25. Bc3 Bb6 26. c5 dxc5 27. Rxd7 cxb4 28. Qxb6 Rxb6 29. axb4 Rbc6 30. Nc5 Rxc5 31. bxc5 Rxc5 32. Nd3 Rc8 33. Bd1 Bc6 34. Rd6 Be8 35. Bb3 a5 36. Bd2 Rxc1+ 37. Bxc1 b4 38. Bd5 Qb8 39. Ra6 Qb5 40. Ra8 Qxd3 41. Rxe8+ Kg7 42. Bxg5 b3 43. Rb8 Qd1+ 44. Kg2 Qc2+ 45. Kh3 b2 46. Ba2 h6 47. Bd8 Qe2 48. Rb7 Qxf3 49. Rxb2 Nf4+ 50. Kh4 Qh5# 0-1


[Site "https://www.chess.com"]

[Event "Titled Tuesday Blitz January 31 Early 2023"]
[White "Timofeev, Artyom"]
[Black "Hasangatin, Ramil"]
[WhiteFideId "4140419"]
[BlackFideId "4122160"]
[WhiteElo "2567"]
[BlackElo "2457"]
[Result "1-0"]
[Round "09"]
[TimeControl "180+2"]
[Date "2023.01.31"]
[WhiteClock "0:00:07"]
[BlackClock "0:00:01"]

1. e4 d5 2. d3 Nc6 3. Nd2 e5 4. Ngf3 Nf6 5. g3 b6 6. Bg2 dxe4 7. dxe4 Ba6 8. Bf1 Bxf1 9. Rxf1 Qd7 10. c3 Qd3 11. Qe2 O-O-O 12. Qxd3 Rxd3 13. Ke2 Rd8 14. b4 b5 15. a4 a6 16. axb5 axb5 17. Ra6 Rd6 18. Ra2 Kb7 19. Ng5 Rd7 20. f3 Bd6 21. Nb3 h6 22. Nh3 Ra8 23. Rxa8 Kxa8 24. Nf2 Rd8 25. Nd3 Nd7 26. Be3 Kb7 27. Rd1 Ra8 28. Ndc5+ Nxc5 29. Bxc5 Ra3 30. Rb1 Ra2+ 31. Nd2 Bxc5 32. bxc5 Na5 33. Rxb5+ Kc6 34. Rb4 Kxc5 35. Kd3 c6 36. Rb8 Ra1 37. Rf8 f6 38. Rf7 Rd1 39. Kc2 Rh1 40. Rxg7 Rxh2 41. Kd3 h5 42. Rg6 Rg2 43. Rxf6 Rxg3 44. Rh6 Rh3 45. Re6 Rh1 46. Rxe5+ Kb6 47. f4 h4 48. Rh5 h3 49. Nc4+ Nxc4 50. Kxc4 h2 51. f5 Re1 52. Rxh2 Rxe4+ 53. Kd3 Rf4 54. Rh5 Kc5 55. Ke3 Rf1 56. Ke4 Re1+ 57. Kf4 Rf1+ 58. Ke5 Re1+ 59. Kf6 Re3 60. Kg6 Rxc3 61. f6+ Kd6 62. Rh8 Rg3+ 63. Kf7 1-0


[Site "https://www.chess.com"]

[Event "Titled Tuesday Blitz January 31 Early 2023"]
[White "Svane, Frederik"]
[Black "Fernandez Guillen, Ernesto J."]
[WhiteFideId "12923044"]
[BlackFideId "3512428"]
[WhiteElo "2600"]
[BlackElo "2477"]
[Result "0-1"]
[Round "09"]
[TimeControl "180+2"]
[Date "2023.01.31"]
[WhiteClock "0:00:01"]
[BlackClock "0:00:04"]

1. e4 e5 2. Nf3 Nc6 3. Nc3 g6 4. Bc4 Bg7 5. O-O Nge7 6. d3 O-O 7. h4 h6 8. h5 g5 9. Nh2 Na5 10. Ng4 Nxc4 11. dxc4 d6 12. Ne3 f5 13. exf5 Nxf5 14. Ncd5 Nh4 15. Bd2 c6 16. Nc3 Be6 17. b3 d5 18. cxd5 cxd5 19. Ncxd5 Bxd5 20. Bb4 Bc6 21. Bxf8 Qxf8 22. Qg4 Kh8 23. Rad1 Qe7 24. Rfe1 Rf8 25. Qe2 Qe6 26. f3 Nxf3+ 27. gxf3 Bxf3 28. Qh2 Bxd1 29. Rxd1 Qb6 30. Qe2 e4 31. Kg2 Qe6 32. Qg4 Qe5 33. Rf1 Rf4 34. Qc8+ Kh7 35. Qd7 Rxf1 36. Nxf1 Qf4 37. Ng3 Qf3+ 38. Kh3 e3 39. Qd3+ Kg8 40. Qd8+ Bf8 41. Qd7 Qf7 42. Qxf7+ Kxf7 43. Kg4 Bd6 44. Ne2 Bf4 45. Kf3 Ke6 46. c4 Ke5 47. a4 a5 48. Nc3 Kf5 49. Nd5 g4+ 50. Ke2 g3 51. Kf3 Bg5 52. Kxg3 Ke4 53. Kg2 Kd3 54. Nxe3 Kxe3 55. Kg3 Kd4 0-1


[Site "https://www.chess.com"]

[Event "Titled Tuesday Blitz January 31 Early 2023"]
[White "Starozhilov, Leonid"]
[Black "Yeletsky, Ivan"]
[WhiteFideId "14106752"]
[BlackFideId "24180327"]
[WhiteElo "2313"]
[BlackElo "2494"]
[Result "0-1"]
[Round "09"]
[TimeControl "180+2"]
[Date "2023.01.31"]
[WhiteClock "0:00:02"]
[BlackClock "0:00:49"]

1. e4 c6 2. d4 d5 3. exd5 cxd5 4. Bd3 Nf6 5. c3 Bg4 6. Ne2 Nc6 7. Bf4 e6 8. Qb3 Qd7 9. Ng3 Bd6 10. Bxd6 Qxd6 11. h3 Bh5 12. Nd2 O-O 13. O-O Bg6 14. Bxg6 hxg6 15. a4 Rab8 16. Rfe1 Ne7 17. Nf3 Nf5 18. Nxf5 gxf5 19. Ne5 g6 20. a5 Kg7 21. f3 Nh5 22. Qd1 Rh8 23. Qd2 Qe7 24. a6 Qh4 25. axb7 Nf4 26. Qf2 Qg5 27. Kf1 Rxb7 28. b4 Rc7 29. Ra3 f6 30. Nc6 Nd3 31. Qe3 Nxe1 32. Qxe6 Nc2 0-1


[Site "https://www.chess.com"]

[Event "Titled Tuesday Blitz January 31 Early 2023"]
[White "Vlassov, Nikolai"]
[Black "Sychev, Klementy"]
[WhiteFideId "4103360"]
[BlackFideId "4114060"]
[WhiteElo "2283"]
[BlackElo "2547"]
[Result "0-1"]
[Round "09"]
[TimeControl "180+2"]
[Date "2023.01.31"]
[WhiteClock "0:00:08"]
[BlackClock "0:01:26"]

1. e4 e5 2. Bc4 Nf6 3. d3 Nc6 4. Nf3 Bc5 5. Bg5 h6 6. Bh4 Be7 7. Nc3 d6 8. Bxf6 Bxf6 9. Nd5 g6 10. Nxf6+ Qxf6 11. h3 Bd7 12. c3 g5 13. Nd2 h5 14. Nf1 O-O-O 15. Ne3 g4 16. Nd5 Qg6 17. Qd2 f5 18. exf5 Bxf5 19. O-O-O Kb8 20. Bb5 Bd7 21. Bxc6 Bxc6 22. Ne7 Qe8 23. Nxc6+ Qxc6 24. hxg4 hxg4 25. Qg5 Qxg2 26. Qf6 Rhf8 27. Qh4 Rde8 28. Rhg1 Qd5 29. Rxg4 Qxa2 30. Rg7 e4 31. dxe4 Qa1+ 32. Kc2 Qa4+ 33. Kc1 Rxe4 0-1


[Site "https://www.chess.com"]

[Event "Titled Tuesday Blitz January 31 Early 2023"]
[White "Kazakouski, Valery"]
[Black "Mirzoev, Azer"]
[WhiteFideId "13507443"]
[BlackFideId "13400304"]
[WhiteElo "2539"]
[BlackElo "2416"]
[Result "1-0"]
[Round "09"]
[TimeControl "180+2"]
[Date "2023.01.31"]
[WhiteClock "0:01:45"]
[BlackClock "0:00:07"]

1. Nf3 Nf6 2. c4 c5 3. b3 b6 4. g3 Bb7 5. Bg2 g6 6. Bb2 Bg7 7. O-O O-O 8. d4 cxd4 9. Qxd4 Nc6 10. Qd2 d6 11. Nc3 Rc8 12. Rfd1 Nb8 13. Nd5 Nxd5 14. Bxg7 Kxg7 15. cxd5 Rc5 16. b4 Rc4 17. Rac1 Rxc1 18. Rxc1 Qd7 19. Nd4 Rc8 20. Rc3 Kg8 21. Qc2 Rxc3 22. Qxc3 Qc8 23. Nc6 Qc7 24. b5 Nxc6 25. dxc6 Bc8 26. a4 h5 27. Qe3 e6 28. f4 d5 29. Qa3 Kg7 30. Kf2 Qd8 31. e3 f6 32. Qd3 Qd6 33. Qd4 Kf7 34. e4 e5 35. fxe5 fxe5 36. Qxd5+ Qxd5 37. exd5 Ke7 38. Be4 g5 39. h4 gxh4 40. gxh4 Bg4 41. Bf3 Bxf3 42. Kxf3 Kd6 43. Ke4 1-0


[Site "https://www.chess.com"]

[Event "Titled Tuesday Blitz January 31 Early 2023"]
[White "Boros, Denes"]
[Black "Cunha, Lucas Aguiar"]
[WhiteFideId "722340"]
[BlackFideId "2125404"]
[WhiteElo "2406"]
[BlackElo "2309"]
[Result "1/2-1/2"]
[Round "09"]
[TimeControl "180+2"]
[Date "2023.01.31"]
[WhiteClock "0:00:40"]
[BlackClock "0:00:06"]

1. d4 Nf6 2. Nc3 d5 3. Nf3 g6 4. Bf4 Bg7 5. Nb5 Na6 6. c3 O-O 7. h3 c5 8. e3 b6 9. Be2 Ne4 10. O-O Bb7 11. a4 h6 12. Re1 g5 13. Bh2 e6 14. Ne5 cxd4 15. exd4 Nb8 16. Nd3 Nc6 17. f3 Nf6 18. Bf1 Ne8 19. Kh1 a6 20. Na3 Nd6 21. Qb3 Nf5 22. Nc2 Re8 23. Ncb4 Na5 24. Qc2 Rc8 25. Qf2 Nb3 26. Ra3 Na5 27. Ne5 f6 28. Ned3 Qd7 29. Ra2 Nb3 30. Nc2 a5 31. Ne3 Ba6 32. Ra3 Bc4 33. Rd1 Bf8 34. Nxc4 dxc4 35. Rxb3 cxb3 36. f4 Qxa4 37. Qf3 Qd7 38. Nf2 Bd6 39. Ne4 Rf8 40. d5 Bxf4 41. Bxf4 gxf4 42. Qxf4 e5 43. Qg4+ Kh7 44. Bb5 Qxb5 45. Qxf5+ Kh8 46. Qg6 Qd7 47. d6 Qg7 48. Qf5 Qh7 49. Qf3 f5 50. d7 Rcd8 51. Ng3 Rxd7 52. Re1 e4 53. Rxe4 Rdf7 54. Re6 f4 55. Ne4 Re7 56. Rxe7 Qxe7 57. Kh2 Qe5 58. Nf2 Rg8 59. Ng4 Qf5 60. Qc6 Rxg4 61. Qxh6+ Kg8 62. hxg4 Qxg4 63. Qxb6 Qg3+ 64. Kh1 Qe1+ 65. Kh2 Qg3+ 66. Kh1 Qe1+ 67. Kh2 Qh4+ 68. Kg1 Qe1+ 69. Kh2 1/2-1/2


[Site "https://www.chess.com"]

[Event "Titled Tuesday Blitz January 31 Early 2023"]
[White "Galchenko, Matvey"]
[Black "Dehtiarov, Roman"]
[WhiteFideId "24175480"]
[BlackFideId "14186640"]
[WhiteElo "2438"]
[BlackElo "2289"]
[Result "1-0"]
[Round "09"]
[TimeControl "180+2"]
[Date "2023.01.31"]
[WhiteClock "0:00:11"]
[BlackClock "0:00:12"]

1. f4 d5 2. Nf3 Nf6 3. g3 c5 4. Bg2 Nc6 5. O-O g6 6. d3 Bg7 7. Nc3 d4 8. Na4 Qa5 9. c4 Nd7 10. a3 Qc7 11. Rb1 a5 12. e4 dxe3 13. Bxe3 b6 14. Nc3 Bb7 15. Qe2 O-O 16. Nb5 Qd8 17. Rbd1 Nf6 18. Kh1 Qc8 19. Bg1 Rd8 20. d4 cxd4 21. Nbxd4 Nxd4 22. Bxd4 Ne8 23. Bxb6 Rxd1 24. Rxd1 Nd6 25. Qxe7 Bf8 26. Qe2 Qxc4 27. Qf2 Ne4 28. Qg1 Qb5 29. Bd4 Rd8 30. Qe3 Bc5 31. Kg1 Qxb2 32. Rd3 Qb1+ 33. Bf1 Bxd4 34. Rxd4 Rxd4 35. Nxd4 Qb6 36. Nc2 Qxe3+ 37. Nxe3 Nc3 38. Bc4 Kf8 39. Kf2 Ke7 40. Ke1 f6 41. Ng4 h5 42. Nf2 Kd6 43. Bd3 f5 44. Kd2 Ne4+ 45. Bxe4 Bxe4 46. Ke3 Bb1 47. Kd4 Bc2 48. Nh3 Ke6 49. Ng5+ Kf6 50. Kd5 Bb3+ 51. Kd6 a4 52. Nh3 Bc2 53. Nf2 Bb3 54. Nd3 Bc2 55. Nc5 g5 56. Nd7+ Kg6 57. Ne5+ Kf6 58. h4 gxf4 59. gxf4 Bb3 60. Kc5 Bd1 61. Nc4 Ke6 62. Ne3 Bb3 63. Nf1 Bd1 64. Kb4 Kd5 65. Ne3+ Ke4 66. Nxd1 Kxf4 67. Kxa4 Kg3 68. Kb4 f4 69. a4 Kf3 70. a5 Ke2 71. Nc3+ Kd3 72. Nd1 Ke2 73. a6 f3 74. a7 f2 75. Nxf2 Kf1 76. a8=Q Kg1 77. Qf3 Kh2 78. Qxh5 Kg3 79. Qg4+ Kh2 80. Qf3 Kg1 81. h5 Kh2 82. h6 Kg1 83. h7 Kf1 84. h8=Q Ke1 85. Qhc3+ Kf1 86. Qc1# 1-0


[Site "https://www.chess.com"]

[Event "Titled Tuesday Blitz January 31 Early 2023"]
[White "Alex_Sahakyan2006"]
[Black "Pulpan, Jakub"]
[BlackFideId "302759"]
[WhiteElo "2661"]
[BlackElo "2427"]
[Result "1-0"]
[Round "09"]
[TimeControl "180+2"]
[Date "2023.01.31"]
[WhiteClock "0:01:23"]
[BlackClock "0:00:37"]

1. g3 g6 2. Bg2 Bg7 3. Nf3 e5 4. O-O d5 5. d3 Ne7 6. Nc3 O-O 7. e4 Nbc6 8. Re1 Re8 9. exd5 Nxd5 10. Nxd5 Qxd5 11. Nxe5 Qd6 12. Nxc6 Rxe1+ 13. Qxe1 bxc6 14. Qe8+ Bf8 15. Bf4 Qf6 16. Qxc6 Qxb2 17. Rf1 Rb8 18. Qxc7 1-0


[Site "https://www.chess.com"]

[Event "Titled Tuesday Blitz January 31 Early 2023"]
[White "Mikaelyan, Arman"]
[Black "Piesik, Piotr"]
[WhiteFideId "13304852"]
[BlackFideId "1136194"]
[WhiteElo "2523"]
[BlackElo "2426"]
[Result "1-0"]
[Round "09"]
[TimeControl "180+2"]
[Date "2023.01.31"]
[WhiteClock "0:00:03"]
[BlackClock "0:00:01"]

1. d4 c5 2. dxc5 e6 3. Nf3 Bxc5 4. c4 Nf6 5. e3 O-O 6. Nc3 d5 7. cxd5 exd5 8. Be2 Nc6 9. O-O Bg4 10. h3 Bh5 11. b3 Rc8 12. Bb2 Re8 13. Rc1 Bd6 14. Nb5 Bb8 15. Nbd4 Nxd4 16. Qxd4 Qd6 17. Rxc8 Rxc8 18. g3 Rc2 19. Rc1 Rxc1+ 20. Bxc1 Ne4 21. Bb2 f6 22. g4 Bf7 23. Bf1 h6 24. Bg2 Qc6 25. Nd2 Be5 26. Qd3 Bxb2 27. Nxe4 dxe4 28. Bxe4 Qc1+ 29. Kg2 Qc7 30. Qb5 Be5 31. Bxb7 Qb6 32. Qd7 Qc7 33. Qb5 h5 34. Bf3 hxg4 35. hxg4 Bd6 36. Qd3 Qc5 37. Qe4 a5 38. Qa8+ Bf8 39. Qe4 Qa3 40. Qc2 Qc5 41. Qe4 Qe5 42. Qd3 Bd6 43. Kf1 Be6 44. Kg2 Kf7 45. Kf1 g6 46. Qc2 Bd5 47. Bxd5+ Qxd5 48. Ke2 Qb5+ 49. Kf3 Qb7+ 50. Ke2 Qg2 51. Qc4+ Ke7 52. Qd4 Qb7 53. g5 Be5 54. Qc5+ Kf7 55. Qc4+ Ke7 56. Qc5+ Ke6 57. gxf6 Bxf6 58. Qxa5 g5 59. Qc5 Qa6+ 60. Qc4+ Qxc4+ 61. bxc4 Kd6 62. Kd3 Kc5 63. f3 Bg7 64. a4 Kb4 65. Ke4 Kxc4 66. Kf5 1-0


[Site "https://www.chess.com"]